 Dungeon Crawl Stone Soup version 0.29-a0-1016-g236c7fd91e (webtiles) character file.

Game seed: 5799201031160264705

105 skirvin the Slasher (level 5, 0/41 HPs)
             Began as a Human Berserker on Aug 9, 2022.
             Was an Initiate of Makhleb.
             Slain by a polar bear (16 damage)
             ... created by the rage of Trog
             ... on level 4 of the Dungeon.
             The game lasted 00:11:52 (2428 turns).

skirvin the Slasher (Human Berserker)               Turns: 2428, Time: 00:11:53

Health: 0/41       AC:  4    Str: 20    XL:     5   Next: 8%
Magic:  5/5        EV: 12    Int:  7    God:    Makhleb [......]
Gold:   96         SH:  0    Dex: 12    Spells: 4/4 levels left

rFire   . . .      SeeInvis .   g - +1 war axe (elec)
rCold   . . .      Faith    .   (no shield)
rNeg    . . .      Spirit   .   h - +0 leather armour
rPois   .          Reflect  .   (no helmet)
rElec   .          Harm     .   (no cloak)
rCorr   +          Rampage  .   (no gloves)
Will    .....                   d - +0 pair of boots
Stlth   +.........              (no amulet)
HPRegen 0.13/turn               c - ring of resist corrosion
MPRegen 0.09/turn               (no ring)

@: confused
A: no striking features
a: Renounce Religion


You were on level 4 of the Dungeon.
You worshipped Makhleb.
Makhleb was noncommittal.
You visited 1 branch of the dungeon, and saw 4 of its levels.

You collected 96 gold pieces.

Inventory:

Hand Weapons
 a - a +0 falchion
 g - a +1 war axe of electrocution (weapon)
Armour
 b - a +0 animal skin
 d - a +0 pair of boots (worn)
 h - a +0 leather armour (worn)
 i - a +0 robe
 n - a +0 helmet
Jewellery
 c - a ring of resist corrosion (left hand)
Scrolls
 e - a scroll of vulnerability {unknown}
 k - a scroll of fear {unknown}
 l - a scroll of identify {unknown}
Potions
 f - a potion of heal wounds
 j - a potion of haste
 m - a potion of flight {unknown}
 o - a potion of mutation {unknown}


   Skills:
 + Level 3.5 Fighting
 + Level 3.9 Long Blades
 + Level 1.9 Axes
 + Level 2.2 Armour
 + Level 2.5 Dodging
 + Level 0.3 Stealth


You had 4 spell levels left.
You didn't know any spells.
Your spell library was empty.

Dungeon Overview and Level Annotations

Branches:
Dungeon (4/15)
 Temple: D:4-7

Altars:
Makhleb
Yredelemnul


Message History

Items here: )) [[ ††.
The floor, spattered with blood.
n - a +0 helmet
Press: ? - help, v - describe, . - travel, g - get item
Items here: a +0 dagger; a +0 club.
The floor.
Press: ? - help, v - describe, . - travel, g - get item
Items here: a +0 dagger; a goblin corpse.
The floor, spattered with blood.
Press: ? - help, v - describe, . - travel, g - get item Item here: a +0 dagger.
The floor.
You see here a +0 dagger.
Press: ? - help, v - describe, . - travel, g - get item
Items here: a +0 dagger; a goblin corpse; a hobgoblin corpse.
The floor.
Things that are here:
a +0 dagger; a goblin corpse You see here a fuming white potion.
The goblin hits you with a +0 club.
You slash the goblin!
You kill the goblin!
Makhleb accepts your kill.
o - a fuming white potion You start resting.
Trog sends monsters to punish you. The divine experience confuses you!
You are confused. 2 polar bears and 3 black bears come into view.
You're too confused to move!
You barely miss the black bear. You closely miss the polar bear. x2
You closely miss the black bear. The polar bear bites you!
The polar bear barely misses you. The polar bear claws you.
The black bear misses you. The black bear barely misses you. x2
The black bear bites you but does no damage.
The black bear misses you. The black bear barely misses you.
The polar bear barely misses you. The polar bear claws you.
The polar bear barely misses you. The black bear bites you.
The black bear claws you but does no damage.
The black bear claws you. The polar bear bites you!
You die...

..####### .. ....
...... .#.. ... #
#.######## #.
#hh....... #.g
#@h# ### #... #hh#
...
#....#))#####.####
..#>.))).........
#......†....#.##
...##.######.# ##
#. #.# #. #.# #.#


You could see 2 polar bears and 3 black bears.

Vanquished Creatures
  Robin (D:4)
  3 adders
  A shadow imp (D:4)
  A worm (D:2)
  A dart slug (D:1)
  6 endoplasms
  5 giant cockroaches
  7 goblins (D:4)
  7 hobgoblins
  2 quokkas
  2 ball pythons
  5 bats (D:3)
  A frilled lizard (D:2)
  6 kobolds
  A rat (D:1)
49 creatures vanquished.

Notes
Turn   | Place    | Note
-------+----------+-------------------------------------------
     0 | D:1      | skirvin the Human Berserker began the quest for the Orb.
     0 | D:1      | Reached XP level 1. HP: 18/18 MP: 1/1
   144 | D:1      | Reached XP level 2. HP: 10/24 MP: 2/2
   353 | D:1      | Found a faded altar of an unknown god.
   369 | D:1      | You fall into a shaft and drop 1 floor!
   946 | D:2      | Reached XP level 3. HP: 24/29 MP: 3/3
  1012 | D:2      | Found a basalt altar of Yredelemnul.
  1596 | D:3      | Reached XP level 4. HP: 35/35 MP: 4/4
  1867 | D:3      | Noticed a wight
  1868 | D:3      | Noticed a wight
  1869 | D:3      | Noticed a wight
  1870 | D:3      | Noticed a wight
  2221 | D:3      | Found a burning altar of Makhleb.
  2227 | D:3      | Reached skill level 1 in Axes
  2232 | D:3      | Fell from the grace of Trog
  2232 | D:3      | Became a worshipper of Makhleb the Destroyer
  2250 | D:3      | Noticed a sky beast
  2280 | D:4      | Noticed Robin
  2287 | D:4      | Killed Robin
  2288 | D:4      | Reached XP level 5. HP: 22/41 MP: 5/5
  2427 | D:4      | Noticed a black bear
  2427 | D:4      | Noticed a black bear
  2427 | D:4      | Noticed a polar bear
  2427 | D:4      | Noticed a polar bear
  2427 | D:4      | Noticed a black bear
  2428 | D:4      | Slain by a polar bear

Illustrated notes

Levels and vault maps discovered:
D:1:      dpeg_arrival_rhombus, layout_basic, nicolae_ecumenical_lake_church,
          serial_shops, nicolae_shop_waterfront
D:2:      layout_basic, basic_altar
D:3:      layout_basic, bloody_makhleb
D:4:      layout_basic, uniq_robin, uniq_menkaure, uniq_duvessa, uniq_grinder

Skill      XL: |  1  2  3  4 |
---------------+-------------+-----
Axes           | 1 |  1.9
Fighting       | |  3.5
Long Blades    | |  3.9
Armour         | |  2.2
Dodging        | |  2.5
Stealth        | |  0.3

Action                   |  1- 3 |  4- 6 || total
-------------------------+-------+-------++-------
Melee: Falchion          |    60 |       ||    60
       War axe           |    23 |    47 ||    70
       Punch             |       |     2 ||     2
  Use: Scroll            |     5 |     1 ||     6
       Potion            |     2 |       ||     2
 Stab: Sleeping          |       |     1 ||     1
Armor: Animal skin       |    11 |       ||    11
       Leather armour    |     9 |    26 ||    35
Dodge: Dodged            |    55 |    41 ||    96

Table legend: (Time is in decaauts)
 A = Elapsed time spent in this place.
 B = Non-inter-level travel time spent in this place.
 C = Inter-level travel time spent in this place.
 D = Time resting spent in this place.
 E = Time spent auto-exploring this place.
 F = Levels seen in this place.
 G = Mean time per level.
                   A        B        C        D        E       F      G
               +--------+--------+--------+--------+--------+-----+--------+
         Total |   2451 |   2451 |      0 |   1314 |      0 |   4 |  612.8 |
       Dungeon |   2451 |   2451 |      0 |   1314 |      0 |   4 |  612.8 |
               +--------+--------+--------+--------+--------+-----+--------+

Top non-repeatable levels by time:
     D:2: 1172 daAuts
     D:3: 729 daAuts
     D:1: 377 daAuts
     D:4: 172 daAuts
